 Dungeon Crawl Stone Soup version 0.24-a0-317-g5cb8de4b22 (webtiles) character file.

Game seed: 17982408106129125537

156 HAL9000 the Cutter (level 5, 0/26 HPs)
             Began as a Vine Stalker Assassin on May 16, 2019.
             Succumbed to a scorpion's poison
             ... on level 4 of the Dungeon.
             The game lasted 00:03:35 (3014 turns).

HAL9000 the Cutter (Vine Stalker Assassin)          Turns: 3014, Time: 00:03:36

Health: 0/26       AC:  6    Str: 14    XL:     5   Next: 37%
Magic:  4/6        EV: 11    Int: 11    God:
Gold:   177        SH:  0    Dex: 16    Spells: 4/4 levels left

rFire    . . .     SeeInvis .   a - +3 dagger
rCold    + . .     Gourm    .   (no shield)
rNeg     . . .     Faith    .   h - +0 leather armour {rC+}
rPois    .         Spirit   +   (no helmet)
rElec    .         Reflect  .   c - +0 cloak
rCorr    .         Harm     .   (no gloves)
MR       .....                  (no boots)
Stlth    +.........             (no amulet)
HPRegen  0.48/turn              (no ring)
MPRegen  0.10/turn              (no ring)

@: confused, lethally poisoned (0 -> -10)
A: fangs 2, yellow scales 1, regeneration 1, magic shield, antimagic bite, no
potion heal 3, rot immunity, MP-powered wands
a: no special abilities


You were on level 4 of the Dungeon.
You were hungry.

You visited 1 branch of the dungeon, and saw 4 of its levels.

You collected 177 gold pieces.

Inventory:

Hand Weapons
 a - a +3 dagger (weapon)
Missiles
 d - 8 poisoned darts (quivered)
 e - 2 curare-tipped darts
Armour
 c - a +0 cloak (worn)
 h - a +0 leather armour of cold resistance (worn)
Jewellery
 n - an uncursed amulet of faith
Scrolls
 b - a scroll of blinking {unknown}
 i - a scroll of identify {unknown}
 j - a scroll of teleportation
 k - 3 scrolls of remove curse
 l - 2 scrolls of magic mapping
 o - 2 scrolls of amnesia
 q - a scroll of fear {unknown}
 u - 2 scrolls of fog {unknown}
Potions
 r - a potion of curing {unknown}
 s - a potion of invisibility {unknown}
 t - a potion of haste {unknown}
Comestibles
 f - 5 rations


   Skills:
 - Level 1.7 Fighting
 + Level 4.9 Short Blades
 - Level 1.7 Throwing
 - Level 0.7 Dodging
 - Level 4.8 Stealth


You had 4 spell levels left.
You didn't know any spells.
Your spell library was empty.

Dungeon Overview and Level Annotations

Branches:
Dungeon (4/15)
 Temple: D:4-7

Altars:
Okawaru
Zin


Innate Abilities, Weirdness & Mutations

You have extremely sharp teeth.
Your natural rate of healing is unusually fast.
When hurt, damage is shared between your health and your magic reserves.
Your bite disrupts and absorbs the magic of your enemies.
Potions cannot restore your health.
You are immune to rotting.
You are partially covered in yellow scales. (AC +2)
You expend magic power (3 MP) to strengthen your wands.


Message History

You feel sick. The scorpion stings you.
You are more poisoned.
The scorpion poisons you!
Unknown command.
It was a potion of ambrosia.
You are confused.
Your system rejects the healing.
You feel invigorated.
You feel sick. The scorpion stings you.
* * * LOW HITPOINT WARNING * * *
You are more poisoned.
The scorpion poisons you!
You barely miss the scorpion. Your bite misses the scorpion.
The scorpion is heavily wounded.
* * * LOW HITPOINT WARNING * * *
You feel sick.
You bump into the rock wall.
* * * LOW HITPOINT WARNING * * *
You feel sick. The scorpion stings you.
You're too confused to move!
You die...

########
#......#
#......# #
#...<#
#..##....#
#...s@...+
#..####+##
#.


You could see a scorpion.

Vanquished Creatures
  A worker ant (D:3)
  5 adders
  2 oozes
  3 worms (D:2)
  2 dart slugs (D:1)
  2 leopard geckos
  2 orcs (D:3)
  5 bats
  4 giant cockroaches
  7 goblins
  4 hobgoblins
  6 jackals (D:3)
  A quokka (D:2)
  A ball python (D:2)
  4 frilled lizards
  6 kobolds
  8 rats
63 creatures vanquished.

Notes
Turn   | Place    | Note
-------+----------+-------------------------------------------
     0 | D:1      | HAL9000 the Vine Stalker Assassin began the quest for the
                  | Orb.
     0 | D:1      | Reached XP level 1. HP: 11/11 MP: 2/2
   190 | D:1      | Reached XP level 2. HP: 14/15 MP: 3/3
   704 | D:1      | Reached XP level 3. HP: 18/18 MP: 4/4
  1525 | D:2      | Gained mutation: Your natural rate of healing is unusually
                  | fast. [Vine Stalker growth]
  1525 | D:2      | Reached XP level 4. HP: 21/23 MP: 5/5
  2093 | D:2      | Found a glowing silver altar of Zin.
  2093 | D:2      | Found an iron altar of Okawaru.
  2417 | D:3      | Reached XP level 5. HP: 21/26 MP: 3/6
  3010 | D:4      | Gained mutation: You expend magic power (3 MP) to
                  | strengthen your wands. [potion of mutation]
  3010 | D:4      | Gained mutation: You are partially covered in yellow
                  | scales. (AC +2) [potion of mutation]
  3013 | D:4      | HP: 1/26 [poisoned by a scorpion]
  3014 | D:4      | Succumbed to a scorpion's poison

Levels and vault maps discovered:
D:1:      dpeg_arrival_renting, layout_basic, serial_park_tiny_1,
          hangedman_decor_growths
D:2:      layout_basic, gammafunk_temple_overflow_pools, first_ration
D:3:      layout_loops_ring, minivault_23
D:4:      layout_gridville, old_standard_altar, kennysheep_mini,
          minmay_temple_entry_stoned_glass, nrook_mini_vaults,
          nicolae_ru_sacrificial_ziggurat

Skill      XL: |  1  2  3  4 |
---------------+-------------+-----
Short Blades   | 2 3 4 |  4.9
Fighting       | |  1.7
Throwing       | |  1.7
Dodging        | |  0.7
Stealth        | |  4.8

Action                   |  1- 3 |  4- 6 || total
-------------------------+-------+-------++-------
Melee: Dagger            |    79 |   127 ||   206
       Bite              |    18 |    32 ||    50
Throw: Dart              |    12 |       ||    12
  Use: Scroll            |     6 |       ||     6
       Potion            |       |     2 ||     2
 Stab: Sleeping          |     9 |     1 ||    10
  Eat: Chunk             |     2 |     4 ||     6
Armor: Robe              |     5 |       ||     5
       Leather armour    |     7 |    29 ||    36
Dodge: Dodged            |    37 |    60 ||    97

Table legend:
 A = Non-vault XP
 B = Vault XP
 C = Vault XP percentage of total XP
 D = Non-vault monster count
 E = Vault monster count
 F = Vault count percentage of total count
                 A         B        C        D         E       F
            +---------+---------+-------+---------+---------+-------
      Total |     223 |       0 |   0.0 |      63 |       0 |   0.0
            +---------+---------+-------+---------+---------+-------
        D:1 |      40 |       0 |   0.0 |      17 |       0 |   0.0
        D:2 |      92 |       0 |   0.0 |      26 |       0 |   0.0
        D:3 |      91 |       0 |   0.0 |      20 |       0 |   0.0
            +---------+---------+-------+---------+---------+-------
